 Dungeon Crawl Stone Soup version 0.31-a0-636-ge1c0e020e0 (webtiles) character file.

Game seed: 12871767417522059157

30098 LobsterGuardian the Covert (level 13, 0/99 HPs)
             Began as a Green Draconian Enchanter on Aug 26, 2023.
             Was an Initiate of Gozag.
             Slain by a tentacled starspawn (34 damage)
             ... on level 2 of the Abyss.
             The game lasted 01:00:34 (16593 turns).

LobsterGuardian the Covert (DrEn)                  Turns: 16593, Time: 01:00:36

Health: 0/99       AC: 12    Str: 10      XL:     13   Next: 18%
Magic:  19/20      EV: 13    Int: 17 (21) God:    Gozag
Gold:   1520       SH:  5    Dex: 14      Spells: 13/29 levels left

rFire   . . .        e - +1 quick blade (drain)
rCold   . . .        K - +0 buckler {AC+3}
rNeg    . . .        (body armour unavailable)
rPois   +            (helmet restricted)
rElec   .            k - scarf of Death Resistance {+Inv, Int+2}
rCorr   .            E - +0 pair of gloves
SInv    .            (no boots)
Will    .....        d - amulet of regeneration
Stlth   +++++        r - ring of wizardry
HPRegen 1.16/turn    (no ring)
MPRegen 0.17/turn

%: random rage (9%), wizardry (x1)
@: mighty, confusing by touch, on berserk cooldown, slowed, unable to read, very
slow
A: breathe noxious fumes, AC +8, unfitting armour, poison resistance,
cold-blooded, [berserk 2], [low MP 2], [inability to drink after injury 1],
[inability to read after injury 2]
a: Breathe Noxious Fumes, Renounce Religion, Evoke Invisibility, Potion
Petition, Call Merchant, Bribe Branch


You were on level 2 of the Abyss.
You worshipped Gozag.
Gozag was most pleased with you.
You visited 3 branches of the dungeon, and saw 16 of its levels.
You visited the Abyss 1 time.
You also visited: Bailey.

You collected 2231 gold pieces.
You paid 711 gold pieces to Gozag.

Inventory:

Hand Weapons
 e - a +1 quick blade of draining (weapon)
 g - a +3 short sword
Missiles
 F - a throwing net
Armour
 k - the scarf of Death Resistance (worn) {+Inv, Int+2}
   (You found it on level 2 of the Dungeon)

   Int+2:     It affects your intelligence (+2).
 E - a +0 pair of gloves (worn)
 K - a +0 buckler of protection (worn)
 L - a +1 cloak of willpower
Jewellery
 d - an amulet of regeneration (around neck)
 r - a ring of wizardry (left hand)
 v - a ring of protection from fire
 I - an amulet of guardian spirit
Wands
 b - a wand of flame (15)
 i - a wand of digging (6)
 q - a wand of polymorph (8)
 u - a wand of acid (2)
 z - a wand of iceblast (8)
 B - a wand of paralysis (11)
Scrolls
 a - a scroll of enchant armour
 m - a scroll of enchant weapon
 p - 2 scrolls of immolation
 y - a scroll of blinking
 A - a scroll of noise
 D - a scroll of fear
 H - 2 scrolls of fog {unknown}
 J - a scroll of poison
Potions
 c - 4 potions of enlightenment
 f - a potion of might
 h - 2 potions of heal wounds
 j - 5 potions of lignification
 l - 3 potions of attraction
 n - a potion of curing
 t - a potion of resistance
 w - a potion of brilliance
 x - a potion of cancellation
 C - a potion of ambrosia
 G - a potion of haste


   Skills:
 + Level 4.7 Fighting
 + Level 5.9 Short Blades
 + Level 5.1 Dodging
 + Level 13.3 Stealth
 * Level 3.6 Shields
 + Level 8.6 Spellcasting
 + Level 0.7 Conjurations
 * Level 11.4 Hexes
 - Level 5.0 Ice Magic
 + Level 0.8 Evocations


You had 13 spell levels left.
You knew the following spells:

 Your Spells              Type           Power      Damage    Failure   Level
a - Ensorcelled Hibernat  Hex/Ice        70%        N/A       1%          2
b - Tukima's Dance        Hex            46%        N/A       1%          3
c - Confusing Touch       Hex            46%        N/A       1%          3
d - Dazzling Flash        Conj/Hex       56%        N/A       1%          3
e - Blink                 Tloc           14%        N/A       9%          2
f - Swiftness             Air            7%         N/A       16%         3

Your spell library contained the following spells:

 Spells                   Type           Power      Damage    Failure   Level
 Shock                    Conj/Air       32%        1d5       4%          1
 Apportation              Tloc           14%        N/A       6%          1
 Momentum Strike          Conj/Tloc      16%        3d8       8%          2
 Static Discharge         Conj/Air       16%        2-3/arc   8%          2
 Lesser Beckoning         Tloc           14%        N/A       9%          2
 Poisonous Vapours        Pois/Air       14%        N/A       9%          2
 Mephitic Cloud           Conj/Pois/Air  8%         N/A       16%         3
 Airstrike                Air            3%         2d(1-17)  45%         4
 Summon Lightning Spire   Summ/Air       7%         N/A       45%         4
 Freezing Cloud           Conj/Ice/Air   6%         6-21      54%         5
 Alistair's Intoxication  Tmut/Pois      4%         N/A       80%         5


Dungeon Overview and Level Annotations

Branches:
Dungeon (14/15)            Temple (1/1) D:7            Lair (1/5) D:11
    Orc (0/2) D:9          Vaults (0/5) D:13         Bailey (visited)

Altars:
Ashenzari
Cheibriados
Dithmenos
Elyvilon
Fedhas
Gozag
Hepliaklqana
Kikubaaqudgha
Makhleb
Nemelex Xobeh
Okawaru
Qazlal
Ru
Sif Muna
Trog
Uskayaw
Vehumet
Wu Jian
Xom
Yredelemnul
Zin
The Shining One

Shops:
D:4 :?   D:11 *

Annotations:
D:14 Louise
Abyss:2 1 transporter


Innate Abilities, Weirdness & Mutations

You can breathe blasts of noxious fumes.
Your lurid green scales are hard. (AC +8)
You cannot fit into any form of body armour.
Your system is resistant to poisons. (rPois)
You are cold-blooded and may be slowed by cold attacks.
[You have an uncontrollable temper.]
[Your magical capacity is very low. (-20% MP)]
[You occasionally lose the ability to drink potions when taking damage.]
[You sometimes lose the ability to read scrolls when taking damage.]


Message History

Unknown command.
You completely miss the tentacled starspawn.
You hit the tentacled starspawn but do no damage.
The tentacled starspawn is severely damaged.
Unknown command.
You hit the tentacled starspawn but do no damage. x2
The tentacled starspawn is severely damaged.
The tentacled starspawn bites you!!
The tentacled starspawn closely misses you.
The starspawn tentacle grabs you. The starspawn tentacle constricts you.
Unknown command.
You completely miss the tentacled starspawn.
The starspawn tentacle loses its grip on you.
You hit the tentacled starspawn but do no damage.
You tail-slap the tentacled starspawn.
The tentacled starspawn is severely damaged.
You are no longer berserk.
You are exhausted.
You feel yourself slow down. The tentacled starspawn bites you.
You block the tentacled starspawn's attack.
Unknown command.
Casting: Confusing Touch (safe; 1% risk of failure)
Confirm with . or Enter, or press ? or * to list all spells.
You can't see any susceptible monsters within range! (Use Z to cast anyway.)
You feel very mighty all of a sudden. The starspawn tentacle misses you.
The starspawn tentacle grabs you. The starspawn tentacle constricts you.
You block the tentacled starspawn's attack.
The tentacled starspawn tentacle-slaps you!
The starspawn tentacle constricts you.
Unknown command.
Unknown command.
You hit the tentacled starspawn but do no damage.
The starspawn tentacle loses its grip on you.
You tail-slap the tentacled starspawn!
You hit the tentacled starspawn but do no damage.
The tentacled starspawn is almost destroyed.
The tentacled starspawn bites you!!
You die...
Your body crumbles into a pile of gold.

# ##. .# #.
###.# #
##.#.#.##..#
#.##... ...
. .###.#..
.... #
........## #
## # #.#..#
. # #..# .##
#@.# #wXw###
#..## #...
#.## #. #.
#.


You could see a tentacled starspawn and 2 starspawn tentacles.

Vanquished Creatures
  An orc warlord (Bailey)
  4 vault guards (D:13)
  A centaur warrior (D:11)
  A catoblepas (D:13)
  A two-headed ogre (D:10)
  2 hydras (D:13)
  2 boulder beetles (D:13)
  A tengu warrior (D:13)
  A wretched star (Abyss:2)
  A deep elf pyromancer (D:13)
  A cyclops (D:11)
  An orc sorcerer (D:13)
  2 manticores
  Maurice (D:13)
  An orange demon (Abyss:2)
  A smoke demon (Abyss:2)
  A gargoyle (D:13)
  2 cane toads (Lair:1)
  2 unseen horrors
  A dancing weapon (D:6)
  2 efreet
  A rime drake (Lair:1)
  5 unseen horror zombies (D:9)
  2 komodo dragons (D:11)
  2 tengu conjurers (D:13)
  An ancient zyme (Abyss:2)
  2 trolls
  4 blink frogs (Lair:1)
  5 slime creatures
  2 large abominations (Abyss:2)
  A shadow (D:10)
  6 wyverns
  A culicivora (shapeshifter) (D:13)
  A human (D:13)
  5 yaks
  A vampire (D:10)
  Eustachio (D:4)
  2 wraiths (D:12)
  3 steam dragons
  6 vampire mosquitoes (D:12)
  5 water moccasins
  An ice beast (D:4)
  6 orc warriors
  2 black bears
  3 wolves (D:11)
  9 centaurs
  2 phantoms
  4 bullfrogs
  5 scorpions
  A gnoll sergeant (D:12)
  3 small abominations (Abyss:2)
  9 wights
  5 killer bees
  2 electric eels (D:7)
  3 centaur zombies (D:9)
  4 hounds
  2 jellies
  3 orc priests
  Crazy Yiuf (D:5)
  3 gnoll boudas
  An iron imp (Abyss:2)
  A sleepcap (D:7)
  Jessica (D:2)
  5 iguanas
  Ijyb (D:4)
  4 orc wizards
  2 howler monkey zombies (D:9)
  9 adders
  36 gnolls
  A shadow imp (D:6)
  A white imp (Abyss:2)
  2 ufetubi
  2 worms (D:2)
  2 dart slugs
  26 orcs
  5 ball pythons
  2 endoplasms
  A giant cockroach (D:2)
  9 hobgoblins
  3 jackals
  3 quokkas
  9 bats
  4 frilled lizards
  13 goblins
  16 kobolds
  5 rats
318 creatures vanquished.

Vanquished Creatures (collateral kills)
  A vault guard (D:13)
  2 two-headed ogres
  A gargoyle (D:13)
  An orc warrior (Bailey)
  A gnoll sergeant (D:10)
  2 wights (D:10)
  4 gnolls
  An orc (Bailey)
  2 kobolds (Bailey)
15 creatures vanquished.

Vanquished Creatures (others)
  9 dancing weapons
  A wight (D:8)
  An orc wizard (D:5)
11 creatures vanquished.

Grand Total: 344 creatures vanquished

Notes
Turn   | Place    | Note
-------+----------+-------------------------------------------
     0 | D:1      | LobsterGuardian the Draconian Enchanter began the quest for
                  | the Orb.
     0 | D:1      | Reached XP level 1. HP: 14/14 MP: 3/3
   418 | D:1      | Reached XP level 2. HP: 20/20 MP: 5/5
   437 | D:1      | Found a faded altar of an unknown god.
   962 | D:1      | Learned a level 2 spell: Ensorcelled Hibernation
  1020 | D:2      | Reached skill level 3 in Stealth
  1163 | D:2      | Reached XP level 3. HP: 18/26 MP: 0/6
  1167 | D:2      | Learned a level 3 spell: Tukima's Dance
  1240 | D:2      | Identified the scarf of Death Resistance {+Inv, Int+2}
  1482 | D:2      | Noticed Jessica
  1489 | D:2      | Killed Jessica
  1490 | D:2      | Reached XP level 4. HP: 25/33 MP: 2/7
  1945 | D:3      | Noticed a scorpion
  2095 | D:3      | Found a blossoming altar of Fedhas.
  2407 | D:3      | Reached skill level 4 in Stealth
  2616 | D:3      | Learned a level 3 spell: Confusing Touch
  2683 | D:3      | Killed a scorpion
  2684 | D:3      | Reached XP level 5. HP: 38/38 MP: 2/8
  2821 | D:3      | Reached skill level 1 in Ice Magic
  3114 | D:4      | Noticed Eustachio
  3182 | D:4      | Killed Eustachio
  3183 | D:4      | Reached skill level 5 in Stealth
  3183 | D:4      | Reached XP level 6. HP: 44/46 MP: 2/10
  3291 | D:4      | Identified the +0 mace of Subjectivity {elec, rF++ Str-5}
  3331 | D:4      | Found Atesuop's Tiny Tomes.
  3332 | D:4      | Noticed an ice beast
  3413 | D:4      | Found Saerphoi's Magic Scroll Boutique.
  3431 | D:4      | Found an iron altar of Okawaru.
  3636 | D:4      | Noticed Ijyb
  3655 | D:4      | Killed Ijyb
  3681 | D:4      | Reached skill level 1 in Fighting
  3802 | D:4      | Learned a level 3 spell: Dazzling Flash
  3829 | D:4      | Your scales start taking on a lurid green colour.
  3829 | D:4      | Reached XP level 7. HP: 52/52 MP: 4/11
  3829 | D:4      | Gained mutation: Your system is resistant to poisons.
                  | (rPois) [Green Draconian growth]
  4202 | D:5      | Entered Level 5 of the Dungeon
  4399 | D:5      | Found a runed translucent door.
  4400 | D:5      | Noticed Crazy Yiuf
  4732 | D:5      | Reached skill level 6 in Stealth
  5184 | D:5      | Reached XP level 8. HP: 59/59 MP: 10/13
  5494 | D:5      | Killed Crazy Yiuf
  5607 | D:6      | Found a burning altar of Makhleb.
  5760 | D:6      | Reached skill level 5 in Hexes
  5945 | D:6      | Reached skill level 7 in Stealth
  6769 | D:6      | Reached XP level 9. HP: 67/67 MP: 4/15
  6870 | D:6      | Found a bloodstained altar of Trog.
  7609 | D:7      | Reached skill level 8 in Stealth
  7654 | D:7      | Found a snail-covered altar of Cheibriados.
  7702 | D:7      | Found a glowing golden altar of the Shining One.
  7842 | D:7      | Found an ornate altar of the Wu Jian Council.
  7936 | D:7      | Reached skill level 5 in Spellcasting
  8007 | D:7      | Found a glowing silver altar of Zin.
  8070 | D:7      | Reached skill level 9 in Stealth
  8204 | D:7      | Found a staircase to the Ecumenical Temple.
  8261 | Temple   | Entered the Ecumenical Temple
  8269 | Temple   | Became a worshipper of Gozag Ym Sagoz the Greedy
  8328 | D:8      | Found a flagged portal.
  8333 | D:8      | Learned a level 2 spell: Blink
  8356 | Bailey   | Entered a bailey
  8404 | Bailey   | Noticed an orc warlord
  8455 | Bailey   | Upgraded the game from 0.31-a0-632-g766dd24fdf to
                  | 0.31-a0-636-ge1c0e020e0
  8783 | Bailey   | Found a runed translucent gate.
  8783 | Bailey   | Found a runed translucent gate.
  8814 | Bailey   | Found a runed translucent gate.
  9009 | Bailey   | Identified the +4 chain mail of Agann {Slay+5}
  9029 | Bailey   | Killed an orc warlord
  9030 | Bailey   | Reached XP level 10. HP: 48/73 MP: 5/18
  9037 | Bailey   | Identified the staff of Courage {rPois rF+ Dex-4 Tloc Fire}
  9238 | D:8      | Found a shimmering altar of Xom.
  9257 | D:8      | Acquired a +0 quick blade of draining
  9845 | D:8      | Identified the +0 leather armour of Kindness {Int+2}
 10230 | D:9      | Reached skill level 10 in Stealth
 10234 | D:9      | Learned a level 3 spell: Swiftness
 10380 | D:9      | Found a basalt altar of Yredelemnul.
 10442 | D:9      | Found a staircase to the Orcish Mines.
 10724 | D:10     | Entered Level 10 of the Dungeon
 10755 | D:10     | Noticed a two-headed ogre
 10770 | D:10     | Reached XP level 11. HP: 82/82 MP: 15/20
 10846 | D:10     | Killed a two-headed ogre
 11013 | D:10     | Found a sparkling altar of Nemelex Xobeh.
 11496 | D:10     | Found a stormy altar of Qazlal.
 11995 | D:11     | Reached skill level 11 in Stealth
 12389 | D:11     | Noticed a centaur warrior
 12403 | D:11     | Killed a centaur warrior
 12485 | D:11     | Found Kexeoph's CLEARANCE SALE!.
 12501 | D:11     | Found a staircase to the Lair.
 12541 | Lair:1   | Entered Level 1 of the Lair of Beasts
 12943 | Lair:1   | Reached skill level 12 in Stealth
 12948 | Lair:1   | Reached skill level 5 in Ice Magic
 13288 | D:12     | Noticed a two-headed ogre
 13316 | D:12     | Killed a two-headed ogre
 13317 | D:12     | Reached skill level 5 in Short Blades
 13317 | D:12     | Reached XP level 12. HP: 43/91 MP: 3/22
 14073 | D:11     | You fall into a shaft and drop 1 floor!
 14310 | D:13     | Noticed Maurice
 14322 | D:13     | Noticed a vault guard
 14327 | D:13     | Killed Maurice
 14330 | D:13     | Noticed a boulder beetle
 14350 | D:13     | Killed a boulder beetle
 14548 | D:13     | Noticed a catoblepas
 14551 | D:13     | Noticed a two-headed ogre
 14562 | D:13     | Killed a catoblepas
 14572 | D:13     | Killed a two-headed ogre
 14573 | D:13     | Reached skill level 1 in Shields
 14670 | D:13     | Reached skill level 10 in Hexes
 14782 | D:13     | Noticed a five-headed hydra
 14796 | D:13     | Noticed a tengu warrior
 14797 | D:13     | Killed a five-headed hydra
 14836 | D:13     | Killed a tengu warrior
 14876 | D:13     | Noticed a boulder beetle
 14881 | D:13     | Killed a boulder beetle
 14908 | D:13     | Noticed a vault guard
 14972 | D:13     | Killed a vault guard
 14973 | D:13     | Reached skill level 5 in Dodging
 14973 | D:13     | Reached skill level 13 in Stealth
 15011 | D:13     | Noticed a seven-headed hydra
 15019 | D:13     | Killed a seven-headed hydra
 15106 | D:13     | Noticed a vault guard
 15135 | D:13     | Killed a vault guard
 15363 | D:13     | Found a gate to the Vaults.
 15363 | D:13     | Noticed a vault guard
 15364 | D:13     | Noticed a vault guard
 15368 | D:13     | Killed a vault guard
 15376 | D:13     | Killed a vault guard
 15452 | D:13     | Killed a vault guard
 15453 | D:13     | Reached XP level 13. HP: 51/99 MP: 7/25
 15996 | D:14     | Noticed Louise
 15996 | Abyss:2  | Found a corrupted altar of Lugonu.
 15996 | Abyss:2  | Cast into level 2 of the Abyss (Louise)
 16163 | Abyss:2  | Noticed a green very ugly thing
 16165 | Abyss:2  | Noticed a green very ugly thing
 16221 | Abyss:2  | Found a transporter.
 16221 | Abyss:2  | Noticed a tentacled starspawn
 16222 | Abyss:2  | Found a corrupted altar of Lugonu.
 16223 | Abyss:2  | Noticed a starcursed mass
 16223 | Abyss:2  | Noticed a tentacled starspawn
 16224 | Abyss:2  | Noticed a tentacled starspawn
 16434 | Abyss:2  | Noticed a Hell Sentinel
 16489 | Abyss:2  | Noticed a white draconian
 16575 | Abyss:2  | Noticed a tentacled starspawn
 16593 | Abyss:2  | Slain by a tentacled starspawn

Illustrated notes

Levels and vault maps discovered:
D:1:      beargit_arrival_diablo_church, layout_basic,
          ebering_ecumenical_altar_webs, minmay_misc_feat_roman
D:2:      layout_basic, uniq_jessica
D:3:      layout_loops_corners, fedhas_ov_isle_minmay, minmay_fractal_squares_5
D:4:      layout_loops_ring, okawaru_ov_weapons_minmay, serial_shops,
          nicolae_shop_window_shopping, nicolae_shop_i_like_small_books_too,
          uniq_ijyb, uniq_eustachio
D:5:      layout_basic, amcnicky_mini_corridor_feature,
          kennysheep_generic_room_13, uniq_crazy_yiuf_cottage
D:6:      layout_loops_corners, bloody_makhleb, mainiacjoe_overflow_alcove_4,
          nicolae_houndstooth_variations
D:7:      kennysheep_steamy, layout_cave_pools,
          mainiacjoe_overflow_small_starburst, lemuel_crystal_altar,
          mainiacjoe_overflow_catch_the_wave, minmay_temple_entry_hall,
          fountainhead, chequers_garden
D:8:      layout_rooms, overflow_temple_1_default, enter_bailey_7,
          minmay_diced_spiral
D:9:      layout_roguey, nicolae_yredelemnul_corpse_copse, orc_0_dummy
D:10:     layout_roguey, nemelex_altar_shiori, mainiacjoe_overflow_brackets,
          hex_tiny
D:11:     layout_big_octagon, minmay_lair_entry_grove, grunt_ministairs_9,
          nicolae_shop_clearance
D:12:     layout_cave_pools
D:13:     layout_loops_ring, grunt_vaults_entry_fortified, uniq_maurice
D:14:     layout_small_grid, minmay_crystal_water, minmay_misc_feat_iff,
          uniq_frances, uniq_louise
Temple:   hellmonk_temple_rainy
Lair:1:   dragon1_lemuel, layout_misc_corridors, infiniplex_staircase_pool_2,
          grunt_megastairs_2, lemuel_fruit_fields
Abyss:2:  base: D:4, gammafunk_corrupted_shrine,
          hangedman_abyss_or_decor_stagger, abyss_furniture_001

Skill      XL: |  1  2  3  4  5  6  7  8  9 10 11 12 |
---------------+-------------------------------------+-----
Dodging        | 2 3 4 5 |  5.1
Hexes          | 3 4 5 7 8 9 11 | 11.4
Stealth        | 3 4 5 6 7 9 10 12 13 | 13.3
Ice Magic      | 1 2 3 4 5 |  5.0
Spellcasting   | 3 4 5 6 7 8 |  8.6
Fighting       | 1 2 3 4 |  4.7
Short Blades   | 2 3 4 5 |  5.9
Shields        | 3 |  3.6
Conjurations   | |  0.7
Evocations     | |  0.8

Action                     |  1- 3 |  4- 6 |  7- 9 | 10-12 | 13-15 || total
---------------------------+-------+-------+-------+-------+-------++-------
  Melee: Short sword       |    66 |   110 |   340 |     1 |       ||   517
         Dagger            |     9 |       |       |       |       ||     9
         Tailslap          |     8 |    11 |    39 |   147 |    63 ||   268
         Punch             |       |     3 |     1 |    16 |       ||    20
         Unarmed           |       |    28 |       |       |       ||    28
         Quick blade       |       |       |       |   701 |   218 ||   919
   Cast: Ensorcelled Hiber |    13 |    45 |    98 |   102 |     7 ||   265
         Confusing Touch   |       |     2 |    12 |    43 |    12 ||    69
         Tukima's Dance    |       |       |    19 |    44 |       ||    63
         Dazzling Flash    |       |       |     9 |    19 |       ||    28
         Blink             |       |       |       |     2 |       ||     2
 Invoke: Potion Petition   |       |       |       |     1 |       ||     1
Ability: Breathe Noxious F |       |       |     7 |    15 |       ||    22
  Evoke: Wand              |       |       |     1 |     4 |       ||     5
    Use: Scroll            |     2 |     7 |     6 |    11 |     4 ||    30
         Potion            |       |     1 |    10 |     7 |     4 ||    22
   Stab: Sleeping          |    10 |    30 |    64 |    72 |     4 ||   180
         Confused          |       |     2 |     8 |    46 |    13 ||    69
         Distracted        |       |     1 |     2 |     1 |     1 ||     5
         Invisible         |       |     1 |     5 |     2 |       ||     8
 Armour: Skin              |    28 |    54 |   103 |   234 |    14 ||   433
  Dodge: Dodged            |    40 |   103 |   268 |   348 |    39 ||   798
  Block: Buckler           |       |       |       |     9 |    13 ||    22

Table legend: (Time is in decaauts)
 A = Elapsed time spent in this place.
 B = Non-inter-level travel time spent in this place.
 C = Inter-level travel time spent in this place.
 D = Time resting spent in this place.
 E = Time spent auto-exploring this place.
 F = Levels seen in this place.
 G = Mean time per level.
                   A        B        C        D        E       F      G
               +--------+--------+--------+--------+--------+-----+--------+
         Total |  16534 |  15686 |    848 |    248 |  11813 |  18 |  918.6 |
       Dungeon |  14766 |  13961 |    805 |    105 |  10878 |  14 | 1054.7 |
        Temple |     16 |      1 |     15 |      0 |      0 |   1 |   16.0 |
          Lair |    304 |    278 |     26 |     75 |    153 |   1 |  304.0 |
         Abyss |    620 |    620 |      0 |     67 |    250 |   1 |  620.0 |
        Bailey |    826 |    826 |      0 |      0 |    532 |   1 |  826.0 |
               +--------+--------+--------+--------+--------+-----+--------+

Top non-repeatable levels by time:
     D:6: 1737 daAuts
    D:13: 1493 daAuts
     D:5: 1322 daAuts
    D:10: 1243 daAuts
     D:3: 1144 daAuts
    D:11: 1134 daAuts
     D:4: 1084 daAuts
    D:12: 1025 daAuts
     D:1: 1008 daAuts
     D:7: 996 daAuts
     D:2: 954 daAuts
     D:8: 836 daAuts
  Bailey: 826 daAuts
     D:9: 723 daAuts
 Abyss:2: 620 daAuts
